 Dungeon Crawl Stone Soup version 0.31-a0-216-g22e908daa7 (webtiles) character file.

Game seed: 3545841485984328161

46 qw the Shooter (level 3, 0/29 HPs)
             Began as a Minotaur Hexslinger on July 2, 2023.
             Slain by an orc
             ... wielding a +0 flail
              (6 damage)
             ... on level 2 of the Dungeon.
             The game lasted 00:00:32 (1791 turns).

qw the Shooter (Minotaur Hexslinger)                Turns: 1791, Time: 00:00:33

Health: 0/29       AC:  5    Str: 12    XL:     3   Next: 46%
Magic:  3/3        EV: 11    Int: 10    God:
Gold:   75         SH:  0    Dex: 14    Spells: 3/4 levels left

rFire   . . .        Y - +1 sling
rCold   . . .        (no shield)
rNeg    . . .        d - +0 ring mail
rPois   .            (helmet restricted)
rElec   .            (no cloak)
rCorr   .            (no gloves)
SInv    .            (no boots)
Will    .....        (no amulet)
Stlth   +            (no ring)
HPRegen 0.24/turn    (no ring)
MPRegen 0.08/turn

%: no passive effects
@: no status effects
A: horns 2, retaliatory headbutt
a: no special abilities


You were on level 2 of the Dungeon.
You visited 1 branch of the dungeon, and saw 3 of its levels.

You collected 75 gold pieces.


Innate Abilities, Weirdness & Mutations

You have a pair of horns on your head.
You reflexively headbutt those who attack you in melee.


   Skills:
 - Level 2.0 Fighting
 - Level 4.0 Ranged Weapons
 + Level 0.2 Armour
 - Level 2.1 Dodging
 - Level 1.0 Spellcasting
 - Level 2.0 Hexes


You had 3 spell levels left.
You knew the following spells:

 Your Spells              Type           Power      Damage    Failure   Level
a - Slow                  Hex            16%        N/A       34%         1

Your spell library contained the following spells:

 Spells                   Type           Power      Damage    Failure   Level
 Inner Flame              Hex/Fire       2%         N/A       83%         3
 Portal Projectile        Hex/Tloc       4%         N/A       83%         3
 Cause Fear               Hex            2%         N/A       98%         4

Inventory:

Hand Weapons
 Y - a +1 sling (weapon)
Armour
 d - a +0 ring mail (worn)
Scrolls
 a - a scroll of identify
Potions
 e - a potion of cancellation {unknown}
 f - a potion of ambrosia {unknown}
 m - a potion of invisibility {unknown}

Dungeon Overview and Level Annotations

Branches:
Dungeon (3/15)

Altars:


Message History

There is a stone staircase leading down here.
1781 ||| DRINKING potion of heal wounds.
You feel much better. The orc closely misses you. You furiously retaliate!
You headbutt the orc. The orc hits you with a +0 club.
The orc hits you with a +0 short sword.
You shoot a sling bullet. The sling bullet barely misses the orc.
The orc hits you but does no damage. The orc closely misses you. x2
You shoot a sling bullet. The sling bullet hits the orc.
The orc is severely wounded.
The orc hits you but does no damage. The orc hits you with a +0 club.
The orc barely misses you.
You shoot a sling bullet. The sling bullet hits the orc.
You kill the orc!
The orc hits you with a +0 short sword. The orc hits you with a +0 club.
Your Ranged Weapons skill increases to level 4!
You shoot a sling bullet. The sling bullet barely misses the orc.
The orc closely misses you. The orc barely misses you. You furiously retaliate!
You headbutt the orc.
You kill the orc!
The orc hits you with a +0 short sword.
You shoot a sling bullet.
The sling bullet hits the orc but does no damage.
The orc hits you but does no damage.
You shoot a sling bullet.
The sling bullet hits the orc but does no damage.
You shoot a sling bullet. The sling bullet hits the orc.
The orc is moderately wounded.
The orc barely misses you. You furiously retaliate!
You headbutt the orc. The orc barely misses you.
The orc hits you but does no damage. x2
You shoot a sling bullet. The sling bullet barely misses the orc.
The orc barely misses you. The orc misses you.
You shoot a sling bullet.
The sling bullet closely misses the orc.
The orc hits you but does no damage. The orc hits you with a +0 flail.
You shoot a sling bullet. The sling bullet hits the orc.
The orc is heavily wounded.
The orc hits you but does no damage. The orc closely misses you.
The orc completely misses you. You furiously retaliate!
You headbutt the orc. The orc hits you with a +0 flail.
You die...

##########
#o@).....#
#o######.#
#.######.#### #####
#.##........# ####
....######
#.##.###.##[####...
#........#
#........##.....#.#
#...##.#.#
####.#########.....
.....#.#.#
####.##### ##...#
.....#.#.###
#........# ##.##


You could see 2 orcs.

Vanquished Creatures
  3 orcs
  An endoplasm (D:2)
  A giant cockroach (D:1)
  6 goblins
  5 hobgoblins
  4 kobolds
  8 ball pythons
  4 bats
  A frilled lizard (D:1)
  8 rats
41 creatures vanquished.

Notes
Turn   | Place    | Note
-------+----------+-------------------------------------------
     0 | D:1      | qw the Minotaur Hexslinger began the quest for the Orb.
     0 | D:1      | Reached XP level 1. HP: 16/16 MP: 1/1
     0 | D:1      | 0 ||| qw: Version: 0.3-a-40-ge99b1a8
     0 | D:1      | 0 ||| qw: Game counter: 7934
     0 | D:1      | 0 ||| qw: Melee chars always use a shield: true
     0 | D:1      | 0 ||| qw: God list: Okawaru
     0 | D:1      | 0 ||| qw: Allow faded altars: false
     0 | D:1      | 0 ||| qw: Do Orc after clearing Dungeon:15 true
     0 | D:1      | 0 ||| qw: Do second Lair branch before Depths: true
     0 | D:1      | 0 ||| qw: Lair rune preference: random
     0 | D:1      | 0 ||| qw: Goals: Normal
     0 | D:1      | 0 ||| PLANNING D:1-11
   223 | D:1      | Reached skill level 3 in Ranged Weapons
   231 | D:1      | Reached XP level 2. HP: 23/23 MP: 2/2
   282 | D:1      | 282 ||| FLEEEEING.
   577 | D:1      | You fall into a shaft and drop 1 floor!
   891 | D:2      | 891 ||| UPGRADING to +0 ring mail.
   901 | D:2      | 901 ||| DROPPING +0 robe.
   902 | D:2      | 902 ||| READING scroll labelled WOWIBL UNTUM.
   903 | D:2      | 903 ||| READING scroll labelled XAGRAN FOTHRAIPP.
   904 | D:2      | 904 ||| READING scroll labelled LUZYRO USOILIAMP.
   905 | D:2      | 905 ||| READING 3 scrolls labelled BIGEAWOTEO.
   950 | D:2      | 950 ||| DRINKING 2 yellow potions.
  1055 | D:2      | 1055 ||| DROPPING scroll of poison.
  1056 | D:2      | 1056 ||| DROPPING 2 scrolls of torment.
  1057 | D:2      | 1057 ||| DROPPING potion of berserk rage.
  1199 | D:2      | Reached XP level 3. HP: 29/29 MP: 3/3
  1493 | D:2      | Found a faded altar of an unknown god.
  1525 | D:2      | 1525 ||| Stepping ~*~*~tactically~*~*~ (water).
  1528 | D:2      | 1528 ||| Stepping ~*~*~tactically~*~*~ (water).
  1702 | D:2      | 1702 ||| READING scroll labelled UPUODY ECZENOM.
  1703 | D:2      | 1703 ||| DRINKING 2 puce potions.
  1743 | D:3      | 1743 ||| STAIRDANCE
  1779 | D:3      | 1779 ||| STAIRDANCE
  1779 | D:3      | HP: 2/29 [orc/+0 flail (9)]
  1781 | D:2      | 1781 ||| DRINKING potion of heal wounds.
  1784 | D:2      | HP: 6/29 [orc/+0 club (4)]
  1785 | D:2      | Reached skill level 4 in Ranged Weapons
  1790 | D:2      | HP: 5/29 [orc/+0 flail (2)]
  1791 | D:2      | Slain by an orc

Levels and vault maps discovered:
D:1:      elethiomel_arrival_maze, layout_rooms, minivault_25, minivault_5
D:2:      wander_river, layout_loops_corners, ebering_ecumenical_altar_mist
D:3:      layout_basic, grunt_gozag_statues, nicolae_overflow_two_pavilions,
          uniq_grinder

Skill      XL: |  1  2  3 |
---------------+----------+-----
Ranged Weapons | 3 4 |  4.0
Fighting       | 2 |  2.0
Armour         | |  0.2
Dodging        | |  2.1
Spellcasting   | |  1.0
Hexes          | |  2.0

Action                     || total
---------------------------++-------
   Fire: Sling             ||   100
    Use: Scroll            ||     5
         Potion            ||     3
 Armour: Robe              ||     2
         Ring mail         ||    20
  Dodge: Dodged            ||    34

Table legend:
 A = Non-vault XP
 B = Vault XP
 C = Vault XP percentage of total XP
 D = Non-vault monster count
 E = Vault monster count
 F = Vault count percentage of total count
                 A         B        C        D         E       F
            +---------+---------+-------+---------+---------+-------
      Total |      67 |       0 |   0.0 |      41 |       0 |   0.0
            +---------+---------+-------+---------+---------+-------
        D:1 |      27 |       0 |   0.0 |      20 |       0 |   0.0
        D:2 |      37 |       0 |   0.0 |      20 |       0 |   0.0
        D:3 |       3 |       0 |   0.0 |       1 |       0 |   0.0
            +---------+---------+-------+---------+---------+-------
